 Dungeon Crawl Stone Soup version 0.29.1-4-g47bece8355 (webtiles) character file.

Game seed: 4723410073898785136

256 sanboga the Cudgeller (level 6, 0/39 HPs)
             Began as a Kobold Berserker on Dec 1, 2022.
             Was a Believer of Trog.
             Succumbed to an adder's poison
             ... on level 3 of the Dungeon.
             The game lasted 00:03:59 (4058 turns).

sanboga the Cudgeller (Kobold Berserker)            Turns: 4058, Time: 00:03:59

Health: 0/39       AC:  3    Str: 16    XL:     6   Next: 39%
Magic:  6/6        EV: 15    Int:  9    God:    Trog [**....]
Gold:   101        SH:  0    Dex: 14    Spells: 5/5 levels left

rFire   + . .      SeeInvis .   a - +0 mace
rCold   + . .      Faith    .   (no shield)
rNeg    . . .      Spirit   .   i - +1 robe {rC+ rF+}
rPois   .          Reflect  .   (no helmet)
rElec   .          Harm     .   (no cloak)
rCorr   .          Rampage  .   (no gloves)
Will    .....                   (no boots)
Stlth   +++.......              (no amulet)
HPRegen 0.13/turn               (no ring)
MPRegen 0.10/turn               (no ring)

@: lethally poisoned (0 -> -2), on berserk cooldown, slowed, very slow
A: small, no large weapons, nightstalker 3
a: Renounce Religion, Berserk, Trog's Hand


You were on level 3 of the Dungeon.
You worshipped Trog.
Trog was pleased with you.
You visited 1 branch of the dungeon, and saw 3 of its levels.
You also visited: Sewer.

You collected 101 gold pieces.

Inventory:

Hand Weapons
 a - a +0 mace (weapon)
Armour
 i - a +1 robe of resistance (worn)
Jewellery
 g - a ring of ice
Wands
 b - a wand of flame (10)
Scrolls
 d - a scroll of magic mapping
 e - 3 scrolls of teleportation
 f - a scroll of blinking
 k - a scroll of torment {unknown}
Potions
 c - a potion of mutation
 h - a potion of berserk rage {unknown}
 j - 3 potions of lignification {unknown}
 l - a potion of curing {unknown}


   Skills:
 + Level 4.3 Fighting
 * Level 4.3 Maces & Flails
 - Level 1.5 Armour
 + Level 4.0 Dodging
 + Level 3.4 Stealth


You had 5 spell levels left.
You didn't know any spells.
Your spell library was empty.

Dungeon Overview and Level Annotations

Branches:
Dungeon (3/15)              Sewer (visited)

Altars:
Uskayaw
Vehumet


Innate Abilities, Weirdness & Mutations

You are small and have problems with some larger weapons.
You are completely attuned to the shadows.


Message History

Trog accepts your kill.
You feel sick. The orc barely misses you. The hobgoblin hits you.
* * * LOW HITPOINT WARNING * * *
2 goblins come into view.
You feel sick.
The goblin shouts! x2; You hear a shout! x2
The goblin unwields a +0 sling.
The goblin wields a +0 club.
The goblin closely misses you.
You see here an adder corpse.
You hit the orc.
The orc is lightly wounded.
You feel sick. The orc closely misses you.
The goblin hits you but does no damage.
You sock the hobgoblin!
You kill the hobgoblin!
Trog accepts your kill.
You feel sick.
A goblin comes into view. It is wielding a +0 club.
The orc hits you with a +2 whip of pain.
* * * LOW HITPOINT WARNING * * *
You closely miss the goblin.
You feel sick.
The goblin shouts!
You hear a shout! x2
The goblin closely misses you. The orc misses you.
You thump the orc!
You kill the orc!
Trog accepts your kill.
You feel sick.
You barely miss the goblin.
You feel sick. The goblin completely misses you.
An orc comes into view. It is wielding a +0 club.
The goblin hits you with a +0 club.
* * * LOW HITPOINT WARNING * * *
You miss the goblin. The goblin hits you but does no damage.
The goblin hits you with a +0 dagger.
* * * LOW HITPOINT WARNING * * *
The goblin hits you but does no damage.
You barely miss the goblin.
You are no longer berserk.
You are exhausted.
You feel yourself slow down.
You die...

*,*********,*,* *<#....≈.~,~,~,,,
#.,,,,,,,**,*,* **#.._...,,,,,,_,
.#******,**,*,#####....≈.~,~,~,,,
.# *,**,*,.......≈≈≈.~,~,~~~,
.#### *,**,***#.....≈...~,~,,,~,
....###*,**,* #.....≈.≈≈~,~~~,~,
##....#*,**,* #g........,,,,,,,,
##....#*,**,* #ggg......,,******
##....#*,,,,* #@g.o....,,,*
##....###**** ##†).....,,,,*
*#....'.#######..).....,,,,*
*#....#.....(.#....####*****
*############......# *#...#
##.....# #...# #>....# #...#
#.....# #...####################


You could see an orc and 5 goblins.

Vanquished Creatures
  Pargi (Sewer)
  An orc priest (D:3)
  5 adders
  A worm (D:2)
  2 dart slugs
  2 orcs (D:3)
  4 bats
  8 endoplasms
  4 giant cockroaches
  6 goblins
  5 hobgoblins
  4 jackals (D:1)
  8 kobolds
  5 quokkas
  3 ball pythons (D:1)
  3 frilled lizards
  5 rats
67 creatures vanquished.

Notes
Turn   | Place    | Note
-------+----------+-------------------------------------------
     0 | D:1      | sanboga the Kobold Berserker began the quest for the Orb.
     0 | D:1      | Reached XP level 1. HP: 14/14 MP: 1/1
   266 | D:1      | Reached XP level 2. HP: 14/19 MP: 2/2
   748 | D:1      | Reached skill level 1 in Stealth
   785 | D:1      | Reached XP level 3. HP: 23/23 MP: 3/3
  1569 | D:1      | Reached ** piety under Trog
  1949 | D:2      | Found a hide-covered altar of Uskayaw.
  2091 | D:2      | Reached XP level 4. HP: 21/29 MP: 4/4
  3201 | D:3      | Found a glowing drain.
  3210 | Sewer    | Entered a sewer
  3465 | Sewer    | Noticed Pargi
  3476 | Sewer    | Killed Pargi
  3477 | Sewer    | Reached XP level 5. HP: 21/33 MP: 5/5
  3477 | Sewer    | Reached XP level 6. HP: 24/38 MP: 6/6
  4033 | D:3      | Found a radiant altar of Vehumet.
  4057 | D:3      | HP: 2/58 [goblin/+0 dagger[Robin] (1)]
  4058 | D:3      | Succumbed to an adder's poison

Illustrated notes

Levels and vault maps discovered:
D:1:      reono_arrival_mine, layout_loops_corners, chequers_decorated_corner
D:2:      layout_basic, basic_altar
D:3:      layout_basic, mainiacjoe_overflow_large_starburst,
          portal_sewer_entry_f, uniq_robin

Skill      XL: |  1  2  3  4  5  6 |
---------------+-------------------+-----
Maces & Flails | 3 4 |  4.3
Stealth        | 1 3 |  3.4
Dodging        | 3 4 |  4.0
Fighting       | 4 |  4.3
Armour         | |  1.5

Action                   |  1- 3 |  4- 6 || total
-------------------------+-------+-------++-------
Melee: Mace              |   118 |   101 ||   219
       Punch             |     2 |     1 ||     3
Invok: Berserk           |     2 |     3 ||     5
  Use: Scroll            |     1 |     7 ||     8
       Potion            |     1 |       ||     1
 Stab: Sleeping          |    12 |     5 ||    17
Armor: Animal skin       |    10 |       ||    10
       Robe              |     4 |    40 ||    44
Dodge: Dodged            |   101 |   124 ||   225
